 Dungeon Sprint DCSS version 0.21.1-1-g345015f (webtiles) character file.

15212 Fang the Severer (level 12, -39/132 HPs)
             Began as a Gargoyle Berserker on June 23, 2018.
             Was the Champion of Trog.
             Killed from afar by Xtahua (62 damage)
             ... with a searing blast
             ... in the Dungeon (Sprint VII: "The Pits") on June 27, 2018.
             The game lasted 00:12:48 (4742 turns).

Fang the Severer (Gargoyle Berserker)               Turns: 4742, Time: 00:12:49

Health: -39/132    AC: 18    Str: 30    XL:     12   Next: 24%
Magic:  4/4        EV: 17    Int: 12    God:    Trog [******]
Gold:   18         SH:  0    Dex: 12    Spells: 11/11 levels left

rFire    . . .     SeeInvis .   y - +9 battleaxe (antimagic)
rCold    . . .     Gourm    +   (shield currently unavailable)
rNeg     + . .     Faith    .   v - +2 ring mail {MR+}
rPois    ∞         Spirit   .   (no helmet)
rElec    +         Reflect  .   (no cloak)
rCorr    .         Harm     .   (no gloves)
MR       +....     NoTele   +   (no boots)
Stlth    ..........             x - amulet of the gourmand
HPRegen  0.32/turn              n - +3 ring of dexterity
MPRegen  0.09/turn              o - +3 ring of intelligence

@: berserking (expiring), very quick
A: negative energy resistance 1, electricity resistance, unbreathing,
petrification resistance, rot immunity, AC +8
a: Berserk, Trog's Hand, Brothers in Arms, Burn Spellbooks, Renounce Religion


You were in the Dungeon.
You worshipped Trog.
Trog was exalted by your worship.
You were hungry.

You visited 1 branch You collected 18 gold pieces.

Inventory:

Hand Weapons
 j - a +2 hand axe
 m - a +3 executioner's axe of freezing
 r - a +2 war axe of draining
 y - a +9 antimagic battleaxe (weapon)
 A - a +1 hand axe of chopping
Armour
 v - a +2 ring mail of magic resistance (worn)
Jewellery
 b - an uncursed ring of protection from cold
 n - a +3 ring of dexterity (left hand)
 o - a +3 ring of intelligence (right hand)
 w - an uncursed ring of positive energy
 x - an amulet of the gourmand (around neck)
Wands
 B - a wand of paralysis (11)
Scrolls
 i - 2 scrolls of blinking
 k - 7 scrolls of remove curse
 l - a scroll of summoning
 s - 3 scrolls of identify
 z - a scroll of fear
Potions
 a - 2 potions of invisibility
 d - 9 potions of curing
 e - 11 potions of heal wounds
 f - 3 potions of haste
 g - 4 potions of magic
 h - 4 potions of berserk rage
 p - 3 potions of might
 q - 2 potions of brilliance
 u - 2 potions of resistance
Comestibles
 c - 4 rations


   Skills:
 + Level 16.2 Fighting
 + Level 17.4 Axes
 + Level 11.2 Armour
 + Level 10.5 Dodging
 + Level 10.5 Stealth


You had 11 spell levels left.
You didn't know any spells.

Dungeon Overview and Level Annotations

Branches:
Dungeon (1/1)

Altars:
Cheibriados
Dithmenos
Elyvilon
Fedhas
Gozag
Hepliaklqana
Makhleb
Nemelex Xobeh
Okawaru
Qazlal
Ru
Sif Muna
Trog
Vehumet
Wu Jian
Xom
Yredelemnul
Zin
The Shining One
Beogh
Jiyva
Lugonu

Annotations:
D Xtahua


Innate Abilities, Weirdness & Mutations

You are resistant to torment.
Your stone body is resilient. (AC +8)
You are immune to poison.
You resist negative energy. (rN+)
You are resistant to electric shocks. (rElec)
You can survive without breathing.
You are immune to petrification.
You are immune to rotting.


Message History

You closely miss the balrug.
The balrug is severely wounded.
Xtahua breathes flames at you.
The searing blast hits the balrug.
The balrug completely resists.
The searing blast misses you.
Unknown command.
You hit the balrug.
The balrug's magic leaks into the air.
The balrug is severely wounded.
The balrug hits you but does no damage.
Unknown command.
You slice the balrug!!
You kill the balrug!
Trog accepts your kill. Something appears at your feet!
Trog grants you a weapon!
Your Fighting skill increases to level 16!
Your Armour skill increases to level 11!
Xtahua breathes flames at you. The searing blast hits you!
You die...

.D........
........
2......
..... .3..
#32#
#####2D#####
#....)§....#
#....@.....#
+..#....#..#
+...§......#
#..........#
#..#....#..#
+..........#
+..........#
#..#....#..#
#..........+


You could see Xtahua, a reaper, a balrug and 2 sun demons.

Vanquished Creatures
  A balrug (D)
  A deep elf annihilator (D)
  Snorg (D)
  A dancing weapon (D)
  A vampire mage (D)
  A sun demon (D)
  A sea snake (D)
  An orc knight (D)
  2 deep elf magi (D)
  An orc sorcerer (D)
  An ugly thing (D)
  A black mamba (D)
  An elephant (D)
  A yaktaur (D)
  A rime drake (D)
  A guardian mummy (D)
  A jumping spider (D)
  A wind drake (D)
  2 trolls (D)
  A redback (D)
  A vampire (D)
  A tarantella (D)
  A fire bat (D)
  A chaos spawn (D)
  3 wargs (D)
  A porcupine (D)
  5 ogres (D)
  An orc warrior (D)
  An ice beast (D)
  A crocodile (D)
  A scorpion (D)
  A hound (D)
  An orc priest (D)
  4 orc wizards (D)
  An iron imp (D)
  An iguana (D)
  A worker ant (D)
  A gnoll (D)
  2 adders (D)
  2 ufetubi (D)
  An ooze (D)
  2 leopard geckos (D)
  7 orcs (D)
  2 bats (D)
  A bat zombie (D)
  A goblin (D)
  A hobgoblin (D)
  2 jackals (D)
  A frilled lizard (D)
  A rat (D)
72 creatures vanquished.

Vanquished Creatures (collateral kills)
  A white draconian (D)
  Harold (D)
  A death yak (D)
  A deep troll (D)
  A wolf spider (D)
  2 cyclopes (D)
  Maurice (D)
  A bog body (D)
  A polar bear (D)
  A hornet (D)
  A hippogriff (D)
  A ynoxinul (D)
  A small abomination (D)
  A hound (D)
  A jackal (D)
  A jackal skeleton (D)
17 creatures vanquished.

Grand Total: 89 creatures vanquished

Notes
Turn   | Place    | Note
-------+----------+-------------------------------------------
     0 | D        | Fang the Gargoyle Berserker began the quest for the Orb.
     0 | D        | Reached XP level 1. HP: 14/14 MP: 1/1
    19 | D        | Reached skill level 3 in Axes
    19 | D        | Reached XP level 2. HP: 14/20 MP: 2/2
   217 | D        | Found a bloodstained altar of Trog.
   217 | D        | Found a deep blue altar of Sif Muna.
   217 | D        | Found a viscous altar of Jiyva.
   217 | D        | Found a hazy altar of Hepliaklqana.
   217 | D        | Found an opulent altar of Gozag.
   218 | D        | Found a glowing golden altar of the Shining One.
   218 | D        | Found a glowing silver altar of Zin.
   218 | D        | Found a basalt altar of Yredelemnul.
   218 | D        | Found a shimmering altar of Xom.
   218 | D        | Found an ornate altar of the Wu Jian Council.
   218 | D        | Found a sacrificial altar of Ru.
   218 | D        | Found a stormy altar of Qazlal.
   218 | D        | Found an iron altar of Okawaru.
   218 | D        | Found a sparkling altar of Nemelex Xobeh.
   218 | D        | Found a burning altar of Makhleb.
   218 | D        | Found a blossoming altar of Fedhas.
   218 | D        | Found a white marble altar of Elyvilon.
   218 | D        | Found a shadowy altar of Dithmenos.
   218 | D        | Found a snail-covered altar of Cheibriados.
   221 | D        | Found a corrupted altar of Lugonu.
   221 | D        | Found a radiant altar of Vehumet.
   221 | D        | Found a roughly hewn altar of Beogh.
   270 | D        | Reached ** piety under Trog
   650 | D        | Reached skill level 4 in Axes
   660 | D        | Reached *** piety under Trog
   660 | D        | Reached XP level 3. HP: 25/25 MP: 3/3
   666 | D        | Reached skill level 5 in Fighting
   666 | D        | Reached skill level 1 in Stealth
   761 | D        | Noticed an ice beast
   762 | D        | Noticed a deep elf mage
   765 | D        | Noticed a porcupine
   767 | D        | Killed a deep elf mage
   767 | D        | Reached **** piety under Trog
   767 | D        | Reached skill level 9 in Axes
   767 | D        | Reached XP level 4. HP: 36/36 MP: 4/4
   767 | D        | Reached XP level 5. HP: 40/40 MP: 5/5
   767 | D        | Reached XP level 6. HP: 45/45 MP: 6/6
   767 | D        | Reached XP level 7. HP: 50/50 MP: 7/7
   769 | D        | Reached skill level 5 in Dodging
   771 | D        | Reached skill level 10 in Axes
   771 | D        | Reached skill level 5 in Stealth
   825 | D        | Noticed a warg
   826 | D        | Reached ***** piety under Trog
   832 | D        | Killed a warg
   832 | D        | Reached skill level 5 in Armour
   837 | D        | Reached skill level 10 in Fighting
   837 | D        | Reached XP level 8. HP: 25/57 MP: 8/8
  1223 | D        | Reached skill level 11 in Axes
  1281 | D        | Noticed a deep elf mage
  1290 | D        | Reached ****** piety under Trog
  1293 | D        | Noticed a hellwing
  1298 | D        | Killed a deep elf mage
  1298 | D        | Received a gift from Trog
  1298 | D        | Reached skill level 12 in Axes
  1300 | D        | Reached XP level 9. HP: 64/64 MP: 9/9
  1340 | D        | Noticed a green ugly thing
  1358 | D        | Killed a green ugly thing
  1612 | D        | Noticed a cyclops
  1613 | D        | Noticed a cyclops
  1642 | D        | Killed a cyclops
  1642 | D        | Reached skill level 13 in Axes
  1643 | D        | Killed a cyclops
  1874 | D        | Noticed a deep troll
  1883 | D        | Killed a deep troll
  1883 | D        | Reached skill level 14 in Axes
  1883 | D        | Reached XP level 10. HP: 71/71 MP: 10/10
  1928 | D        | Noticed a death yak
  1937 | D        | Received a gift from Trog
  1938 | D        | Killed a death yak
  2073 | D        | Noticed an elephant
  2082 | D        | Killed an elephant
  2112 | D        | Noticed an orc knight
  2113 | D        | Noticed an orc sorcerer
  2123 | D        | Killed an orc knight
  2123 | D        | Reached skill level 15 in Axes
  2127 | D        | Killed an orc sorcerer
  2132 | D        | Received a gift from Trog
  2350 | D        | Noticed Harold
  2363 | D        | Killed Harold
  2363 | D        | Reached XP level 11. HP: 31/78 MP: 11/11
  2775 | D        | Noticed a sea snake
  2775 | D        | Received a gift from Trog
  2776 | D        | Reached skill level 10 in Stealth
  2778 | D        | Reached skill level 16 in Axes
  2783 | D        | Received a gift from Trog
  2790 | D        | Killed a sea snake
  4006 | D        | Noticed a hand axe of chopping
  4022 | D        | Received a gift from Trog
  4026 | D        | Killed a hand axe of chopping
  4026 | D        | Received a gift from Trog
  4094 | D        | Noticed Snorg
  4104 | D        | Killed Snorg
  4161 | D        | Noticed a sun demon
  4173 | D        | Killed a sun demon
  4173 | D        | Reached skill level 10 in Armour
  4175 | D        | Reached skill level 15 in Fighting
  4330 | D        | Noticed Maurice
  4330 | D        | Noticed a wolf spider
  4337 | D        | Killed a wolf spider
  4337 | D        | Reached skill level 10 in Dodging
  4339 | D        | Killed Maurice
  4339 | D        | Received a gift from Trog
  4490 | D        | Noticed a deep elf annihilator
  4505 | D        | Killed a deep elf annihilator
  4505 | D        | Reached skill level 17 in Axes
  4505 | D        | Reached XP level 12. HP: 88/88 MP: 4/12
  4513 | D        | Noticed a vampire mage
  4617 | D        | Killed a vampire mage
  4728 | D        | Noticed Xtahua
  4728 | D        | Noticed a balrug
  4728 | D        | Noticed a reaper
  4728 | D        | Noticed a white draconian
  4736 | D        | Noticed a balrug
  4738 | D        | Noticed a sun demon
  4738 | D        | Killed a white draconian
  4739 | D        | Noticed a sun demon
  4742 | D        | Killed a balrug
  4742 | D        | Received a gift from Trog
  4742 | D        | Killed from afar by Xtahua

Skill      XL: |  1  2  3  4  5  6  7  8  9 10 11 12 |
---------------+-------------------------------------+-----
Fighting       | 4 8 10 11 12 13 15 16 | 16.2
Axes           | 3 4 9 10 12 14 15 17 | 17.4
Dodging        | 2 4 5 6 7 8 10 | 10.5
Armour         | 4 5 8 10 11 | 11.2
Stealth        | 4 5 7 8 9 10 | 10.5

Action                   |  1- 3 |  4- 6 |  7- 9 | 10-12 || total
-------------------------+-------+-------+-------+-------++-------
Melee: Hand axe          |    31 |       |    67 |       ||    98
       War axe           |       |       |    13 |   125 ||   138
       Battleaxe         |       |       |       |    42 ||    42
Invok: Berserk           |     3 |       |     6 |    14 ||    23
       Brothers in Arms  |       |       |     3 |     6 ||     9
  Use: Potion            |       |       |     1 |     2 ||     3
       Scroll            |       |       |       |     1 ||     1
 Stab: Sleeping          |     1 |       |     1 |       ||     2
       Distracted        |       |       |     1 |       ||     1
  Eat: Chunk             |     1 |       |     3 |    15 ||    19
       Ration            |       |       |     2 |     3 ||     5
Armor: Animal skin       |    14 |       |     8 |       ||    22
       Scale mail        |       |       |     4 |    45 ||    49
       Ring mail         |       |       |       |    71 ||    71
Dodge: Dodged            |    32 |       |    39 |   111 ||   182
